[Event "10th Cesme Open-A 2024"]
[Site "Cesme"]
[Date "2024.06.28"]
[Round "7"]
[White "Rasulov, Vugar"]
[Black "Yurtseven, Melih"]
[Result "1-0"]
[ECO "D32"]
[WhiteElo "2557"]
[BlackElo "2333"]
[Annotator "TA"]
[PlyCount "187"]
[EventDate "2024.06.23"]
[EventType "swiss"]
[EventCountry "TUR"]
[SourceTitle "playchess.com"]
[Source "ChessBase"]
[SourceQuality "1"]
[TimeControl "5400+30"]

1. c4 e6 2. Nc3 d5 3. d4 c5 4. cxd5 cxd4 5. Qa4+ Bd7 6. Qxd4 exd5 7. Nf3 Nc6 {[%emt 0:05:30] D32: Tarrasch Defence: Sidelines and lines without g3.} 8. Qf4 $146 ({Predecessor:} 8. Qxd5 Nf6 9. Qb3 Bb4 10. e3 O-O 11. Be2 Be6 12. Qc2 Rc8 13. O-O Qe7 14. Bd2 Bd6 15. Rfd1 Bb8 16. Qa4 Ng4 17. h3 {1-0 Shankland,S (2709)-Xiong,J (2710) Saint Louis Blitz 2021 (14)}) 8... Nf6 9. g3 Nb4 10. Nd4 Bc5 11. a3 Bxd4 12. axb4 Bb6 13. Be3 O-O 14. Bg2 Be6 15. Bd4 Rc8 16. Bxf6 gxf6 17. O-O Rc4 18. Qh6 f5 19. e3 Rg4 20. Rad1 d4 21. Ne2 Bc4 22. Bf3 Rg6 23. Qf4 Bxe2 24. Bxe2 Qe7 25. Rxd4 Bxd4 26. Qxd4 Rd8 27. Qf4 Rd2 28. Bh5 Rg5 29. Bf3 Rxb2 30. Rc1 Rxb4 31. Qb8+ Kg7 32. Rc7 Qf8 33. Rc8 Qe7 34. Re8 Qc5 $2 (34... Rb1+ $2 35. Kg2 $18) (34... Qf6 $1 $11) 35. Rc8 $2 (35. Qd8 $1 $18 Rg6 36. h4 (36. Rg8+ Kh6 $11)) 35... Qe7 $14 36. Bd5 Rb1+ 37. Kg2 Rd1 (37... Rb6 $1 $11) 38. Rc7 $14 ({But not} 38. Bxb7 Rd2 39. Rg8+ Kh6 40. Rxg5 Kxg5 $15 (40... Qxg5 41. Qxa7 Qe7 42. Qb6+ Kg7 43. Qb3 $15)) 38... Qxc7 $1 39. Qxc7 Rxd5 40. Qxb7 Ra5 (40... Rd6 $14 {might be stronger.}) 41. Qb2+ $16 f6 $2 (41... Kg8 $16) 42. Qb7+ (42. Qb4 $142 f4 43. exf4) 42... Kh6 $18 43. Qc8 Rg7 44. Qc3 ({White should play} 44. Qd8 $1 $16 Ra6 45. Qc8) 44... Re5 $11 45. f4 Re6 46. e4 fxe4 $2 {[%emt 0:01:04][%mdl 8192] [#]} (46... Rf7 $11 {and Black stays safe.}) 47. f5 $1 $18 Re5 48. Qe3+ Kh5 {[%emt 0:00:07] [#]} 49. h3 $1 Rxf5 50. g4+ ({Stronger than} 50. Qxe4 Re5 51. Qf3+ Kg6 $11) 50... Rxg4+ 51. hxg4+ Kxg4 52. Qxe4+ Kg5 53. Kg3 h5 54. Qd3 a5 55. Qe4 Re5 56. Qh7 Re3+ 57. Kf2 Re5 58. Qg8+ Kf4 59. Qg6 Rf5 60. Qg7 Ke4+ 61. Ke2 Kf4 62. Qg1 a4 63. Qa7 Kg3 64. Qxa4 Rf2+ 65. Ke1 h4 66. Qb3+ Rf3 67. Qg8+ Kf4 68. Qh7 Kg3 (68... Kg5 $142 69. Qg7+ Kf5) 69. Qg7+ $18 Kh2 70. Qg4 Rg3 71. Qxh4+ Kg2 72. Qxf6 Re3+ 73. Kd2 Rf3 74. Qg5+ Rg3 75. Qh4 Rh3 76. Qe4+ Kf2 77. Qf4+ Kg1 78. Qg4+ Kh2 79. Ke2 Rg3 80. Qf4 Kh3 81. Qh6+ Kg4 82. Qd6 Kh4 83. Kf2 Rg5 84. Qe6 Rf5+ 85. Ke3 Kg5 86. Qe7+ Kg6 87. Ke4 Rf7 88. Qd8 Rg7 89. Ke5 Kh7 90. Qe8 Rg8 91. Qh5+ Kg7 92. Ke6 Ra8 93. Qg4+ Kh8 94. Qh3+ 1-0

[Event "10th Cesme Open-A 2024"]
[Site "Cesme"]
[Date "2024.06.28"]
[Round "7"]
[White "Isik, Alparslan"]
[Black "Kharitonov, Alexandr"]
[Result "1/2-1/2"]
[ECO "B12"]
[WhiteElo "2469"]
[BlackElo "2522"]
[Annotator "TA"]
[PlyCount "30"]
[EventDate "2024.06.23"]
[EventType "swiss"]
[EventCountry "TUR"]
[SourceTitle "playchess.com"]
[Source "ChessBase"]
[SourceQuality "1"]
[TimeControl "5400+30"]

1. e4 c6 2. d4 d5 3. e5 Bf5 4. h4 h6 5. g4 Bd7 6. Nc3 e6 7. Be3 Qb6 8. Na4 {[%emt 0:00:30] The position is equal.} Qc7 (8... Qa5+ $5 9. c3 Qc7 $14) 9. h5 c5 10. Nxc5 Bxc5 11. dxc5 Qxe5 12. Nf3 Qc7 13. Qd4 f6 $1 14. O-O-O Nc6 15. Qd2 Nge7 {[%emt 0:00:00] Weighted Error Value: White=0.14 (very precise) /Black=0.05 (flawless) .  Inaccurate:     	White=2     	Black=1      OK:         	White=3     	Black=4      Strong:       	---       	Black=1} 1/2-1/2

[Event "10th Cesme Open-A 2024"]
[Site "Cesme"]
[Date "2024.06.28"]
[Round "7"]
[White "Annaberdiyev, Meylis"]
[Black "Selbes, Tamer Tarik"]
[Result "0-1"]
[ECO "C55"]
[WhiteElo "2467"]
[BlackElo "2183"]
[Annotator "TA"]
[PlyCount "88"]
[EventDate "2024.06.23"]
[EventType "swiss"]
[EventCountry "TUR"]
[SourceTitle "playchess.com"]
[Source "ChessBase"]
[SourceQuality "1"]
[TimeControl "5400+30"]

1. e4 e5 2. Nf3 Nc6 3. Bc4 Nf6 4. d3 h6 5. O-O d6 6. c3 g6 7. d4 Qe7 8. b4 a6 9. a4 Bg7 {[%emt 0:00:30] White has an edge.} 10. Ba3 Bg4 {[%emt 0:03:30] And now ...exd4 would win.} 11. b5 Na5 12. Ba2 Bxf3 (12... Nxe4 $11 13. Re1 Ng5) 13. Qxf3 $14 O-O 14. Nd2 Kh7 15. Bb4 axb5 16. axb5 Nd7 17. Bb1 {[%emt 0:04:00] [#]} ({White should play} 17. Qd3 $14) 17... Nc4 $1 $11 18. Rxa8 (18. Nxc4 $2 Rxa1 19. Qd3 Rd8 $19) 18... Nxd2 {[%emt 0:00:30] A dynamic duo of knights.} 19. Qd3 {[%emt 0:00:00] Strongly threatening Rxf8.} Rxa8 20. Qxd2 c5 21. bxc6 bxc6 {[%emt 0:00:30][%cal Bb7c6,Bc6c5][%mdl 32] Hoping for ...c5.} 22. dxe5 c5 23. Qd5 (23. Qxd6 $2 {perishes.} Bf8 (23... Qxe5 24. Qxd7 cxb4 25. cxb4 $16) (23... Qxd6 $2 24. exd6 cxb4 25. cxb4 $19) 24. f4 (24. Qxe7 $2 Bxe7 25. f4 cxb4 $19) 24... Qe8 $19 (24... cxb4 $2 25. cxb4 Ra4 26. Rd1 $17)) (23. exd6 $11 Qd8 24. Bxc5 Nxc5 25. f4) 23... Ra7 $36 {[%emt 0:00:30][%mdl 2048] Black is really pushing.} 24. exd6 Qe6 25. Qxe6 (25. Bxc5 $2 {is the wrong capture.} Qxd5 26. exd5 Nxc5 $19) 25... fxe6 26. f4 cxb4 27. cxb4 (27. e5 $17 {is a better defense.}) 27... Bd4+ $19 28. Kh1 e5 29. Bd3 (29. g3 {was worth a try.}) 29... exf4 30. Rxf4 Kg7 {[%emt 0:00:30] Against Rf7+} 31. Rf1 Ra1 32. Rxa1 Bxa1 33. Bb5 Ne5 34. d7 Nf7 35. h4 Kf6 (35... Bc3 $19 36. h5 Bxb4 37. hxg6 Kxg6) 36. h5 $2 {[%emt 0:00:30] [#] This move loses the game for White.} g5 $1 ({Not} 36... gxh5 37. Bc4 Nd8 38. Kh2 $19) 37. Bc4 {[%emt 0:00:30] aiming for Bxf7.} Nd8 38. Kh2 Ke7 39. Bb5 $2 (39. Kg3) 39... Bc3 40. Kg3 Bxb4 41. Kg4 Ke6 (41... Nf7 $2 42. Be2 $19) 42. Bc4+ Ke5 (42... Kxd7 $2 43. Kf5 $19) 43. Bd5 Ba5 44. Kf3 Ne6 {[%emt 0:00:00] Weighted Error Value: White=0.30/Black=0.10 (very precise) .  Loses game:     	White=1     	---        Mistake:       	White=5     	Black=2      Inaccurate:     	White=3     	Black=2      OK:         	White=10    	Black=17     Best:        	White=4     	Black=3      Strong:       	---       	Black=1      Brilliant:      	---       	Black=1} 0-1

[Event "10th Cesme Open-A 2024"]
[Site "Cesme"]
[Date "2024.06.28"]
[Round "7"]
[White "Fromm, Marius"]
[Black "Schekachikhin, Maksim"]
[Result "0-1"]
[ECO "C60"]
[WhiteElo "2465"]
[BlackElo "2343"]
[Annotator "TA"]
[PlyCount "52"]
[EventDate "2024.06.23"]
[EventType "swiss"]
[EventCountry "TUR"]
[SourceTitle "playchess.com"]
[Source "ChessBase"]
[SourceQuality "1"]
[TimeControl "5400+30"]

1. e4 e5 2. Nf3 Nc6 3. Bb5 Nge7 4. c3 d5 5. Nxe5 dxe4 6. d4 (6. Qe2 $14) 6... exd3 $11 {[%emt 0:10:30] White must now prevent ...Qd5.} 7. Qf3 (7. Nxc6 {simplifies} Nxc6 8. Bxd3 Bg4 9. Qc2) 7... Be6 8. c4 {[%emt 0:01:30] Prevents Bd5.} (8. O-O $11 {keeps the balance.}) 8... a6 ({Black should play} 8... Qd6 $17 9. Bf4 g5) 9. Ba4 (9. Nxc6 $15 Nxc6 10. Bxc6+ bxc6 11. Qxc6+ Bd7 12. Qd5) 9... Qd6 $17 10. Nxc6 Nxc6 11. Bf4 {[%emt 0:00:30] Inhibits Qe5+.} Qb4+ 12. Nc3 O-O-O (12... Qxb2 13. Bxc6+ Ke7 14. O-O (14. Bxb7 $2 {loses.} Qxc3+ 15. Bd2 Qxa1+ $19) 14... Qxc3 15. Rfe1 (15. Bxb7 Re8 $18) 15... bxc6 16. Qxc6 $18) (12... Qxc4 $19 {is more deadly. Strongly threatening ...0-0-0.} 13. Bxc6+ Qxc6 14. Qxc6+ bxc6 15. Bxc7 c5) 13. Bxc6 bxc6 14. O-O (14. Qxc6 $142 Qxc4 15. Qa8+ Kd7 16. Qe4) 14... Bd6 {[%emt 0:06:30] Black is more active.} ({Much less strong is} 14... Bxc4 15. Qxc6 Bd6 16. Bg5 $17) 15. Bxd6 (15. Bd2 $17) 15... Rxd6 $19 16. Ne4 {[%emt 0:00:30] [#] Hoping for a3.} Rd4 17. Qe3 Qxc4 18. Nd2 Qd5 19. Rfc1 (19. Rfd1 $17 {might work better.}) 19... Re8 20. Nb3 $2 (20. Rc3) 20... Rg4 21. g3 Re4 22. Qa7 (22. Rc5 $142) 22... Bh3 23. f3 Re2 {[%emt 0:02:30] [#] ( -> ...Rg2+)} 24. Qa8+ Kd7 {[%emt 0:00:30] Black mates.} 25. Qxa6 Rg2+ 26. Kh1 Ree2 {[%emt 0:00:30] Weighted Error Value: White=0.93/Black=0.17 (very precise) .  Mistake:       	White=7     	Black=2      Inaccurate:     	---       	Black=1      OK:         	White=4     	Black=7      Best:        	White=2     	Black=3} 0-1

[Event "10th Cesme Open-A 2024"]
[Site "Cesme"]
[Date "2024.06.28"]
[Round "7"]
[White "Kilic, Eray"]
[Black "Koksal, Ege"]
[Result "1/2-1/2"]
[ECO "D02"]
[WhiteElo "2443"]
[BlackElo "2297"]
[Annotator "TA"]
[PlyCount "95"]
[EventDate "2024.06.23"]
[EventType "swiss"]
[EventCountry "TUR"]
[SourceTitle "playchess.com"]
[Source "ChessBase"]
[SourceQuality "1"]
[TimeControl "5400+30"]

1. d4 d5 2. Nf3 Nf6 3. Bf4 c6 4. e3 Bf5 5. c4 e6 6. Qb3 Qc8 7. Nc3 Nbd7 8. cxd5 Nxd5 {[%emt 0:08:30] White is slightly better.} 9. Bg3 Bb4 10. Be2 O-O 11. O-O {[%emt 0:00:30] [#] Nxd5 would now be deadly.} Ba5 12. Nh4 {[%emt 0:04:30] Strongly threatening Nxd5.} Nxc3 13. bxc3 Bc7 {[%emt 0:00:00] Prevents Bd6.} 14. Nxf5 exf5 15. Bd3 g6 16. Rab1 Bxg3 17. hxg3 b6 18. Be2 h5 19. Bf3 Qc7 20. c4 Rab8 21. Rfd1 Rfd8 22. Rd3 Nf6 23. Qa4 c5 24. Qc6 Qe7 25. Rbd1 Rd6 26. Qa4 Rbd8 27. Qa3 Kg7 28. Qc3 Kg8 29. R3d2 Ne4 30. Bxe4 Qxe4 31. d5 b5 32. cxb5 Rxd5 33. Rxd5 Rxd5 $11 {[%emt 0:00:00][%mdl 4096] Endgame. KQR-KQR} 34. Rc1 Qb4 35. Qxb4 cxb4 {[%emt 0:00:30] KR-KR} 36. Rc7 Rxb5 37. Rxa7 {[%emt 0:00:00] The position is equal.} Rc5 38. Kf1 Rc2 39. Ke1 Kg7 40. Ra6 Kh6 41. Ra4 Rb2 42. a3 b3 (42... bxa3 {simplifies} 43. Rxa3 Kg7 44. Ra1 Rc2) 43. Rb4 Rb1+ 44. Ke2 b2 45. a4 Kg5 46. a5 Kf6 47. a6 Ra1 48. Rxb2 {[%emt 0:00:30] Weighted Error Value: White=0.05 (flawless) /Black=0.04 (flawless) .  Inaccurate:     	White=1     	---        OK:         	White=16    	Black=16     Best:        	White=2     	---} 1/2-1/2

[Event "10th Cesme Open-A 2024"]
[Site "Cesme"]
[Date "2024.06.28"]
[Round "7"]
[White "Ozsakallioglu, Okan"]
[Black "Eke, Salih"]
[Result "0-1"]
[ECO "B12"]
[WhiteElo "2402"]
[BlackElo "2251"]
[Annotator "RC"]
[PlyCount "114"]
[EventDate "2024.06.23"]
[EventType "swiss"]
[EventCountry "TUR"]
[SourceTitle "playchess.com"]
[Source "ChessBase"]
[SourceQuality "1"]
[TimeControl "5400+30"]

1. e4 c6 2. d4 d5 3. e5 Bf5 4. h4 h5 5. c4 e6 6. Nc3 Nd7 7. Nf3 Nh6 8. Bxh6 Rxh6 9. Bd3 Bg4 10. cxd5 cxd5 11. Rc1 a6 12. Be2 Be7 13. g3 b5 14. a4 b4 15. Nb1 Kf8 16. Nbd2 g6 17. Rc6 Nb8 18. Rc1 Kg7 19. O-O Rh8 20. Kg2 Bf5 21. Nb3 Nd7 22. a5 Qb8 23. Bd3 Bxd3 24. Qxd3 Qb7 25. Rc2 Rhc8 26. Rfc1 Rxc2 27. Qxc2 Kf8 28. Ne1 Ke8 29. Nd3 Kd8 30. Ndc5 Nxc5 31. Nxc5 Qb5 32. Nb3 Qb7 33. Qc6 Qxc6 34. Rxc6 Kd7 35. Rb6 Kc7 36. Nc5 Bxc5 37. dxc5 d4 38. Kf1 Rd8 39. Rd6 Rb8 40. Rxa6 Rb5 41. Ra7+ Kc6 42. Ra8 Kxc5 43. a6 Kb6 44. a7 Rxe5 45. Rb8+ Kxa7 46. Rxb4 Re4 47. f3 Re3 48. Rxd4 Rxf3+ 49. Ke2 Rxg3 50. Rd7+ Kb6 51. Rxf7 Kc5 52. b4+ Kxb4 53. Rf6 Kc5 54. Kf2 Rg4 55. Rxe6 Kd5 56. Re1 Rxh4 57. Rg1 Rf4+ 0-1

[Event "10th Cesme Open-A 2024"]
[Site "Cesme"]
[Date "2024.06.28"]
[Round "7"]
[White "Pacher, Milan"]
[Black "Bicer, Atakan Mert"]
[Result "0-1"]
[ECO "B10"]
[WhiteElo "2387"]
[BlackElo "2313"]
[Annotator "RC"]
[PlyCount "52"]
[EventDate "2024.06.23"]
[EventType "swiss"]
[EventCountry "TUR"]
[SourceTitle "playchess.com"]
[Source "ChessBase"]
[SourceQuality "1"]
[TimeControl "5400+30"]

1. e4 c6 2. c4 d5 3. exd5 cxd5 4. cxd5 Nf6 5. Qa4+ Nbd7 6. Nc3 g6 7. Nf3 Bg7 8. Bc4 O-O 9. d3 a6 10. Qa3 Nb6 11. Qb3 Bf5 12. O-O Qc7 13. Re1 Rac8 14. Bf4 Qxf4 15. Qxb6 Nd7 16. Qxb7 Rb8 17. Qxa6 Rxb2 18. Qa3 Rfb8 19. Re3 Ne5 20. Nd1 Rxf2 21. Kxf2 Ng4+ 22. Ke2 Nxe3 23. Nxe3 Bxa1 24. Qxe7 Bf6 25. Qc5 Rb2+ 26. Ke1 Bg5 0-1

[Event "10th Cesme Open-A 2024"]
[Site "Cesme"]
[Date "2024.06.28"]
[Round "7"]
[White "Domalchuk-Jonasson, Aleksandr"]
[Black "Zakirov, Musa"]
[Result "1/2-1/2"]
[ECO "A22"]
[WhiteElo "2380"]
[BlackElo "2112"]
[Annotator "RC"]
[PlyCount "82"]
[EventDate "2024.06.23"]
[EventType "swiss"]
[EventCountry "TUR"]
[SourceTitle "playchess.com"]
[Source "ChessBase"]
[SourceQuality "1"]
[TimeControl "5400+30"]

1. c4 e5 2. g3 Nf6 3. Bg2 Bc5 4. Nc3 O-O 5. Nf3 e4 6. Ng5 Bxf2+ 7. Kxf2 Ng4+ 8. Kg1 Qxg5 9. Bxe4 f5 10. d4 Qd8 11. Bd5+ Kh8 12. Bf4 Nc6 13. Bf3 d6 14. Qd2 h6 15. Rf1 Nf6 16. h3 Ne7 17. Rh2 Rb8 18. d5 a6 19. a4 Nh7 20. Qd4 Kg8 21. c5 b6 22. cxd6 cxd6 23. Qb4 Rf6 24. Rhf2 Ng6 25. Be3 Ne5 26. Bg2 Bd7 27. Qd4 b5 28. axb5 axb5 29. b3 Ng5 30. Kh2 Qe8 31. Bf4 b4 32. Na2 Bb5 33. Nxb4 Qh5 34. Bxe5 dxe5 35. Qxe5 Re8 36. Qf4 Bxe2 37. Re1 Re4 38. Bxe4 fxe4 39. Kg1 Qxh3 40. Qb8+ Kh7 41. Rxf6 Bf3 1/2-1/2

[Event "10th Cesme Open-A 2024"]
[Site "Cesme"]
[Date "2024.06.28"]
[Round "7"]
[White "Haznedaroglu, Kivanc"]
[Black "Ozcan, Kaan"]
[Result "1-0"]
[ECO "C22"]
[WhiteElo "2359"]
[BlackElo "2227"]
[Annotator "RC"]
[PlyCount "75"]
[EventDate "2024.06.23"]
[EventType "swiss"]
[EventCountry "TUR"]
[SourceTitle "playchess.com"]
[Source "ChessBase"]
[SourceQuality "1"]
[TimeControl "5400+30"]

1. e4 e5 2. d4 exd4 3. Qxd4 Nc6 4. Qd3 Nf6 5. Nc3 Bb4 6. Bd2 O-O 7. O-O-O d6 8. Qg3 Re8 9. f3 Be6 10. Nge2 a6 11. h4 Nh5 12. Qh2 Ne5 13. Nd4 c5 14. Nxe6 fxe6 15. Be2 Nf6 16. h5 b5 17. g4 Rf8 18. g5 Ne8 19. Qh3 Nc7 20. f4 Nc4 21. Bxc4 bxc4 22. f5 d5 23. exd5 exf5 24. g6 h6 25. Qf1 Nb5 26. d6 Qa5 27. Qxc4+ Kh8 28. d7 Nxc3 29. Bxc3 Bxc3 30. Qxc3 Qxa2 31. b3 c4 32. b4 a5 33. b5 Rad8 34. Rhe1 Qa4 35. Re7 Rg8 36. Rde1 Qxb5 37. Rxg7 Rxg7 38. Re7 1-0

[Event "10th Cesme Open-A 2024"]
[Site "Cesme"]
[Date "2024.06.28"]
[Round "7"]
[White "Ebrahimi Herab, Hamidreza"]
[Black "Gholami, Aryan"]
[Result "1-0"]
[ECO "E21"]
[WhiteElo "2333"]
[BlackElo "2481"]
[Annotator "TA"]
[PlyCount "115"]
[EventDate "2024.06.23"]
[EventType "swiss"]
[EventCountry "TUR"]
[SourceTitle "playchess.com"]
[Source "ChessBase"]
[SourceQuality "1"]
[TimeControl "5400+30"]

1. d4 Nf6 2. c4 e6 3. Nc3 Bb4 4. Bd2 O-O 5. Nf3 c5 6. a3 Bxc3 7. Bxc3 Ne4 8. Rc1 b6 9. e3 Bb7 10. Be2 d6 11. O-O Nd7 12. Be1 f5 13. dxc5 dxc5 14. Nd2 {[%emt 0:05:30] The position is equal.} Nef6 15. f3 Qe7 16. Qc2 Rad8 17. Bf2 Nh5 18. Rfd1 Qg5 19. Nf1 f4 20. e4 $1 Rf6 21. h4 $1 Qe5 22. Qc3 Qc7 23. Rd2 e5 24. Rcd1 Bc6 25. Rd3 g6 (25... Re8 $11 {keeps the balance.}) 26. Nh2 $1 $16 Re6 27. Ng4 Rde8 28. b4 R8e7 {[%emt 0:00:40] Black is now going downhill.} 29. b5 {[%emt 0:05:11][%cal Oc3d2] And now Qd2! would win.} Bb7 30. Qd2 Nhf6 {[%emt 0:00:52] [#]} (30... Nf8 $16) 31. h5 $1 $18 Bc8 32. Nxf6+ Nxf6 {[%emt 0:00:09] [#]} 33. Bh4 $1 Re8 34. h6 g5 35. Bxg5 Nh5 (35... Qf7 {was necessary.} 36. Qe1 Qh5) 36. Rd8 Ng3 37. Bf1 Qf7 38. Rxe8+ (38. Qd5 $18) 38... Rxe8 $16 39. Qd6 Be6 (39... Nxf1 $142 40. Kxf1 (40. Rxf1 Qd7 $18) 40... Qxc4+ 41. Kg1 Qe6) 40. Bd3 $18 ({Not} 40. Qxe5 Bc8 41. Qb2 (41. Qxf4 Qxf4 42. Bxf4 Nxf1 $18) 41... Nh5 $18) 40... Bd7 ({Don't blunder} 40... Qh5 $2 41. Qxe5 Qf7 42. Bxf4 $18) 41. Kf2 Re6 $2 (41... Bc8 42. Bd8 Qf8 43. Qxf8+ Kxf8) 42. Qb8+ Be8 43. Bf1 Qh5 44. Qc8 {[%emt 0:00:25] Active counter play!} Qf7 45. Rd8 Nxf1 $2 (45... Nh5 46. Kg1 Ng3) 46. Kxf1 Kf8 47. Rd5 Qg6 (47... Rg6 $142 48. Qd8 (48. Rxe5 $2 {perishes.} Qxc4+ 49. Kg1 Qd4+ 50. Kh2 Qxe5 $19) 48... Qe6) 48. a4 {[%emt 0:00:41] Black must now prevent Qd8.} Qf7 49. Qb8 Kg8 50. Kg1 Kf8 51. Rxe5 Rxe5 52. Qxe5 {[%emt 0:00:06][%mdl 4096] Endgame. KQB-KQB} Kg8 {[%emt 0:00:22] Repels Qh8+} 53. Bxf4 Bd7 54. Qd6 Be6 55. Qb8+ {[%emt 0:00:01] White mates.} Qf8 56. Qxa7 Bxc4 {[%emt 0:00:00] [#]} 57. a5 $1 bxa5 {[%emt 0:00:25] [#]} (57... Bxb5 58. axb6) 58. b6 $1 {[%emt 0:00:07] Weighted Error Value: White=0.14 (very precise) /Black=0.51.  Mistake:       	White=1     	Black=7      Inaccurate:     	White=2     	Black=5      OK:         	White=10    	Black=10     Best:        	---       	Black=2      Strong:       	White=4     	---        Brilliant:      	White=1     	---} 1-0

[Event "10th Cesme Open-A 2024"]
[Site "Cesme"]
[Date "2024.06.28"]
[Round "7"]
[White "Tarlabasi, Emirhan"]
[Black "Kirilmaz, Emre"]
[Result "1-0"]
[ECO "A40"]
[WhiteElo "2303"]
[BlackElo "2195"]
[Annotator "RC"]
[PlyCount "157"]
[EventDate "2024.06.23"]
[EventType "swiss"]
[EventCountry "TUR"]
[SourceTitle "playchess.com"]
[Source "ChessBase"]
[SourceQuality "1"]
[TimeControl "5400+30"]

1. d4 b5 2. e4 Bb7 3. Bd3 Nf6 4. Qe2 c5 5. dxc5 Na6 6. f3 Nxc5 7. Bxb5 e6 8. Nc3 Rc8 9. Bd2 Qc7 10. Nh3 a6 11. Bd3 Nxd3+ 12. cxd3 Qb6 13. Be3 Bc5 14. Bxc5 Rxc5 15. Qf2 O-O 16. O-O Qc7 17. Rad1 Rc8 18. d4 Rc4 19. Rd2 d5 20. e5 Nd7 21. f4 Nf8 22. Qe3 Rb8 23. g4 Bc8 24. Nf2 Bd7 25. Nd3 Rxb2 26. Rxb2 Rxc3 27. Rc1 Bb5 28. Qd2 Rxc1+ 29. Qxc1 Qe7 30. Qc5 Qh4 31. Nf2 h5 32. a4 hxg4 33. axb5 g3 34. hxg3 Qxg3+ 35. Kf1 Ng6 36. Qc8+ Kh7 37. Qc2 axb5 38. Rxb5 Qxf4 39. Qd3 Qc1+ 40. Ke2 Qc7 41. Kd2 Kg8 42. Rc5 Qd8 43. Kc1 Qg5+ 44. Kb2 Qg2 45. Rc2 Nf8 46. Nd1 Qg5 47. Ne3 Qe7 48. Qa3 Qb7+ 49. Qb3 Qa7 50. Qb4 Ng6 51. Rc8+ Kh7 52. Nc2 Nf4 53. Rc3 Qa6 54. Qb3 g5 55. Rg3 Kg6 56. Nb4 Qe2+ 57. Qc2+ Kh5 58. Qxe2+ Nxe2 59. Rf3 Nxd4 60. Rxf7 g4 61. Kc3 Nf3 62. Nd3 Ng5 63. Rg7 Kh6 64. Rg8 g3 65. Nf4 Nf3 66. Rxg3 Nxe5 67. Nxe6 Nc6 68. Nf4 d4+ 69. Kc4 Ne7 70. Rg1 Nf5 71. Kd5 Nh4 72. Ke6 Nf3 73. Rg6+ Kh7 74. Rg3 Nd2 75. Kf7 Kh6 76. Rg6+ Kh7 77. Ne6 Nf3 78. Nf8+ Kh8 79. Rg8# 1-0

[Event "10th Cesme Open-A 2024"]
[Site "Cesme"]
[Date "2024.06.28"]
[Round "7"]
[White "Erten, Kerem"]
[Black "Grover, Sahaj"]
[Result "0-1"]
[ECO "C47"]
[WhiteElo "2277"]
[BlackElo "2510"]
[Annotator "TA"]
[PlyCount "84"]
[EventDate "2024.06.23"]
[EventType "swiss"]
[EventCountry "TUR"]
[SourceTitle "playchess.com"]
[Source "ChessBase"]
[SourceQuality "1"]
[TimeControl "5400+30"]

1. e4 e5 2. Nf3 Nc6 3. Nc3 Nf6 4. d4 exd4 5. Nxd4 Bb4 6. Nxc6 bxc6 7. Bd3 O-O 8. O-O Re8 9. Qf3 d6 10. Bg5 Rb8 11. Ne2 Bc5 {[%emt 0:01:30] The position is equal.} 12. b3 h6 13. Bxf6 Qxf6 14. Qxf6 gxf6 15. Ng3 Re5 16. Kh1 Kf8 17. f4 Re8 18. c3 a5 19. Rae1 Ba3 20. Nh5 Bb2 21. Nxf6 Re7 (21... Rd8 $11 {and Black stays safe.} 22. Nh5 Bd7) 22. Nh5 $2 ({White must play} 22. Re3 $1 $18 Kg7 23. e5 dxe5 24. fxe5) 22... Bxc3 23. Rc1 Bd4 24. Ng3 {[%emt 0:02:30] White is weak on the dark squares} (24. Rxc6 $11 Bc5 25. Ba6 Rxe4 26. Nf6) 24... c5 25. Rfe1 Bd7 26. Rc2 a4 {[%emt 0:02:30] Black is more active.} 27. Bc4 axb3 28. Bxb3 (28. axb3 $142 h5 29. h4 (29. Nxh5 c6 $17)) 28... Rbe8 $17 29. Rf1 {[%emt 0:03:30] [#]} h5 $1 30. h4 c6 31. e5 d5 {[%emt 0:00:30] aiming for ...c4.} (31... dxe5 32. fxe5 Be6 (32... Bxe5 33. Nxh5 f5 34. Rxc5 $11) 33. Nxh5 $11) 32. Nxh5 (32. Ne2 $15) 32... c4 $36 {[%emt 0:00:00][%mdl 2048] Keeping White busy.} 33. Ba4 $2 {[%emt 0:00:24][%mdl 8192] [#] Loses the game.} (33. Rd2 $17 c5 (33... cxb3 34. Rxd4 bxa2 35. Ra4 $16) 34. Nf6 (34. Bc2 $2 c3 $19) 34... cxb3 35. axb3) 33... Ra8 $1 $19 34. Nf6 $2 (34. Rd2 {is a better defense.} Bc3 (34... Rxa4 35. Rxd4 Rxa2 36. Nf6 $15) 35. Rc2) 34... Rxa4 35. Rf3 Bf5 36. Rg3 Rxe5 ({Not} 36... Bxc2 37. Rg8#) 37. fxe5 Bxe5 {[%emt 0:00:00] A strong pair of Bishops.} ({Stronger than} 37... Bxc2 38. Rg8+ Ke7 39. Re8#) 38. Rg8+ Ke7 39. Rf2 Bxf6 40. Rxf5 c3 41. Rg3 Rxh4+ ({Inferior is} 41... Bxh4 42. Rxc3 Ke6 43. Rf1 $14) 42. Kg1 Bd4+ {[%emt 0:00:30] Weighted Error Value: White=0.88/Black=0.24 (precise) .  Loses game:     	White=1     	Black=1      Missed win:     	White=1     	---        Mistake:       	White=4     	Black=1      Inaccurate:     	White=4     	Black=3      OK:         	White=7     	Black=8      Best:        	White=2     	Black=3      Strong:       	---       	Black=1} 0-1